 Dungeon Crawl Stone Soup version 0.24-a0-619-gb7544fd237 (webtiles) character file.

Game seed: 6890936697759731447, levelgen mode: deterministic

61 Johnny the Digger (level 3, -1/26 HPs)
             Began as a Demigod Earth Elementalist on Sept 18, 2019.
             Slain by a gnoll
             ... wielding a cursed +0 club
              (8 damage)
             ... on level 3 of the Dungeon.
             The game lasted 00:02:24 (1129 turns).

Johnny the Digger (Demigod Earth Elementalist)      Turns: 1129, Time: 00:02:24

Health: -1/26      AC:  6    Str: 11    XL:     3   Next: 58%
Magic:  0/9        EV: 16    Int: 21    God:
Gold:   113        SH:  0    Dex: 16    Spells: 5/6 levels left

rFire    . . .     SeeInvis .   (no weapon)
rCold    . . .     Gourm    .   (no shield)
rNeg     . . .     Faith    .   c - +0 robe
rPois    .         Spirit   .   k - +0 helmet
rElec    .         Reflect  .   (no cloak)
rCorr    .         Harm     .   (no gloves)
MR       .....                  g - +2 pair of boots
Stlth    ++........             (no amulet)
HPRegen  0.08/turn              e - +4 ring of evasion
MPRegen  0.11/turn              (no ring)

@: hasted, very quick
A: high mp 1
a: no special abilities


You were on level 3 of the Dungeon.
You were very hungry.

You visited 1 branch of the dungeon, and saw 3 of its levels.

You collected 113 gold pieces.

Inventory:

Missiles
 b - 23 stones (quivered)
Armour
 c - a +0 robe (worn)
 g - a +2 pair of boots (worn)
 k - a +0 helmet (worn)
Jewellery
 e - a +4 ring of evasion (left hand)
Scrolls
 a - a scroll of random uselessness {unknown}
 f - a scroll of amnesia {unknown}
 h - 2 scrolls of teleportation {unknown}
Potions
 i - a potion of degeneration {unknown}
 j - a potion of haste
 l - a potion of flight {unknown}
Comestibles
 d - 4 rations


   Skills:
 - Level 1.7 Dodging
 - Level 1.7 Stealth
 + Level 2.4 Spellcasting
   Level 0.8 Transmutations
 * Level 3.9 Earth Magic


You had 5 spell levels left.
You knew the following spells:

 Your Spells              Type           Power        Failure   Level  Hunger
a - Sandblast             Erth           ###...       2%          1    None

Your spell library contained the following spells:

 Spells                   Type           Power        Failure   Level  Hunger
 Passwall                 Tmut/Erth      ##......     8%          2    ##.....
 Stone Arrow              Conj/Erth      ##....       19%         3    ###....
 Petrify                  Tmut/Erth      ##......     45%         4    ####...
 Lee's Rapid Deconstruct  Erth           ###.......   61%         5    ######.


Dungeon Overview and Level Annotations

Branches:
Dungeon (3/15)


Innate Abilities, Weirdness & Mutations

You have an increased reservoir of magic. (+10% MP)


Message History

Okay, then.
You hit the gnoll but do no damage.
The gnoll is heavily wounded.
The gnoll closely misses you.
It was a potion of haste.
You feel yourself speed up. The gnoll hits you but does no damage.
You barely miss the gnoll.
The gnoll is heavily wounded.
The gnoll hits you but does no damage.
You barely miss the gnoll.
The gnoll is heavily wounded.
You hit the gnoll but do no damage.
The gnoll is heavily wounded.
The gnoll hits you with a cursed +0 club!
* * * LOW HITPOINT WARNING * * *
You are feeling very hungry.
You hit the gnoll but do no damage.
The gnoll is heavily wounded.
The gnoll hits you with a cursed +0 club!
You die...

.. .# ....#
#.#.##
#....#
#....# #....
#.# #..#
.....####.<#
#......@gg.#
###.!#####.#
# .... #####


You could see a gnoll and a hobgoblin.

Vanquished Creatures
  A gnoll (D:2)
  An adder (D:2)
  A worm (D:2)
  A leopard gecko (D:2)
  3 giant cockroaches
  6 goblins (D:1)
  6 hobgoblins (D:1)
  2 jackals (D:2)
  7 kobolds (D:1)
  3 bats
  2 frilled lizards (D:1)
  3 rats
36 creatures vanquished.

Notes
Turn   | Place    | Note
-------+----------+-------------------------------------------
     0 | D:1      | Johnny the Demigod Earth Elementalist began the quest for
                  | the Orb.
     0 | D:1      | Reached XP level 1. HP: 14/14 MP: 5/5
   122 | D:1      | Reached skill level 3 in Earth Magic
   224 | D:1      | Reached XP level 2. HP: 20/20 MP: 2/7
   934 | D:2      | Reached XP level 3. HP: 26/26 MP: 3/8
  1129 | D:3      | Slain by a gnoll

Levels and vault maps discovered:
D:1:      sevenhm_arrival_forest_fort_large_2, layout_loops_ring,
          columned_hall_lemuel
D:2:      cheibrodos_greedy_goblins, layout_rooms
D:3:      layout_loops_ring

Skill      XL: |  1 |
---------------+----+-----
Earth Magic    | 3 |  3.9
Spellcasting   | 2 |  2.4
Dodging        | |  1.7
Stealth        | |  1.7
Transmutations | |  0.8

Action                   || total
-------------------------++-------
Melee: Unarmed           ||    21
 Cast: Sandblast         ||    62
  Use: Potion            ||     1
Armor: Robe              ||     4
Dodge: Dodged            ||    28

Table legend:
 A = Non-vault XP
 B = Vault XP
 C = Vault XP percentage of total XP
 D = Non-vault monster count
 E = Vault monster count
 F = Vault count percentage of total count
                 A         B        C        D         E       F
            +---------+---------+-------+---------+---------+-------
      Total |      88 |       0 |   0.0 |      36 |       0 |   0.0
            +---------+---------+-------+---------+---------+-------
        D:1 |      41 |       0 |   0.0 |      25 |       0 |   0.0
        D:2 |      47 |       0 |   0.0 |      11 |       0 |   0.0
            +---------+---------+-------+---------+---------+-------
